 Dungeon Crawl Stone Soup version 0.26-a0-682-g294304f6e8 (webtiles) character file.

Game seed: 9670868018545891527

25 Notrik the Skirmisher (level 3, -3/31 HPs)
             Began as a Barachi Fighter on Oct 20, 2020.
             Killed from afar by Natasha (4 damage)
             ... with a magic dart
             ... on level 2 of the Dungeon.
             The game lasted 00:00:52 (708 turns).

Notrik the Skirmisher (Barachi Fighter)              Turns: 708, Time: 00:00:52

Health: -3/31      AC:  6    Str: 18    XL:     3   Next: 6%
Magic:  3/3        EV:  7    Int:  8    God:
Gold:   39         SH:  9    Dex: 11    Spells: 2/2 levels left

rFire    . . .     SeeInvis .   a - +0 long sword
rCold    . . .     Faith    .   c - +0 kite shield
rNeg     . . .     Spirit   .   b - +0 scale mail
rPois    .         Reflect  .   (no helmet)
rElec    .         Harm     .   (no cloak)
rCorr    .         Rampage  .   (no gloves)
MR       .....                  (no boots)
Stlth    ..........             (no amulet)
HPRegen  0.10/turn              (no ring)
MPRegen  0.08/turn              (no ring)

@: slowed, very slow
A: +LOS, swims, slowness 1, strong legs 1
a: Hop


You were on level 2 of the Dungeon.
You visited 1 branch of the dungeon, and saw 2 of its levels.

You collected 39 gold pieces.

Inventory:

Hand Weapons
 a - a +0 long sword (weapon)
Armour
 b - a +0 scale mail (worn)
 c - a +0 kite shield (worn)
Jewellery
 k - a +6 ring of strength {unknown}
   (You found it on level 1 of the Dungeon)
Scrolls
 e - a scroll of enchant armour {unknown}
 f - 2 scrolls of identify {unknown}
 h - 2 scrolls of remove curse {unknown}
Potions
 d - a potion of might
 g - a potion of haste {unknown}
 i - a potion of curing {unknown}
 j - 2 potions of degeneration {unknown}


   Skills:
 * Level 4.6 Fighting
 + Level 3.1 Long Blades
 - Level 3.6 Armour
 - Level 3.2 Shields


You had 2 spell levels left.
You didn't know any spells.
Your spell library was empty.

Dungeon Overview and Level Annotations

Branches:
Dungeon (2/15)

Altars:
Nemelex Xobeh

Annotations:
D:2 Natasha


Innate Abilities, Weirdness & Mutations

You can be seen from farther away. (+LOS)
You can swim through water.
You cover ground slowly.
You can hop short distances.


Message History

The goblin hits you. The ooze hits you. You block the goblin's attack.
The ooze hits you but does no damage.
You hit the ooze.
Natasha howls an incantation.
Natasha glows brightly for a moment.
The goblin closely misses you.
You riposte.
You hit the goblin but do no damage. The ooze hits you.
You hit the ooze. You block the goblin's attack.
The ooze hits you but does no damage. The goblin hits you but does no damage.
You hit the ooze. The ooze hits you. The goblin closely misses you.
You riposte.
You hit the goblin. You block the ooze's attack.
Your scale mail prevents you from hitting the ooze.
The goblin hits you but does no damage. You block the ooze's attack.
You slash the ooze!
You kill the ooze!
You have reached level 3!
Your experience leads to an increase in your attributes!
Increase (S)trength, (I)ntelligence, or (D)exterity?
You feel stronger. You block the goblin's attack.
The goblin hits you but does no damage. Natasha barely misses you.
You riposte.
You miss Natasha. You slash the goblin!
You kill the goblin!
Natasha claws you.
* * * LOW HITPOINT WARNING * * *
You hit Natasha but do no damage. Natasha claws you.
* * * LOW HITPOINT WARNING * * *
You closely miss Natasha. You block Natasha's attack. Natasha claws you.
* * * LOW HITPOINT WARNING * * *
Your shield and scale mail prevent you from hitting Natasha.
Natasha claws you but does no damage.
You hit Natasha. Natasha claws you.
* * * LOW HITPOINT WARNING * * *
You hit Natasha. Natasha casts a spell at you.
The magic dart hits you but does no damage.
Unknown command.
You slash Natasha! You block Natasha's attack.
Natasha wildly gestures.
Natasha glows brightly for a moment.
Natasha casts a spell at you. The magic dart hits you.
* * * LOW HITPOINT WARNING * * *
You barely miss Natasha. Natasha barely misses you.
You barely miss Natasha. Natasha casts a spell at you.
You feel yourself slow down. Natasha casts a spell at you.
The magic dart hits you.
You die...

####### # #.
#.....# .#
#..#.....###.##.##
...............>.
#............#
#......h@.##.#
#..[#####....# ..
#.####
#.#####....#
##......##.#
.#.#....###.#
.......⌠.⌠##.#
#..##..._..#.#
.......⌠.⌠...#


You could see Natasha.

Vanquished Creatures
  An ooze (D:2)
  A dart slug (D:1)
  A ball python (D:1)
  2 giant cockroaches (D:1)
  2 goblins
  4 hobgoblins (D:1)
  A bat (D:1)
  2 kobolds
  5 rats (D:1)
19 creatures vanquished.

Vanquished Creatures (others)
  13 plants (D:1)
13 creatures vanquished.

Grand Total: 32 creatures vanquished

Notes
Turn   | Place    | Note
-------+----------+-------------------------------------------
     0 | D:1      | Notrik the Barachi Fighter began the quest for the Orb.
     0 | D:1      | Reached XP level 1. HP: 18/18 MP: 1/1
   175 | D:1      | Reached skill level 4 in Fighting
   216 | D:1      | Reached XP level 2. HP: 25/25 MP: 2/2
   679 | D:2      | Found a sparkling altar of Nemelex Xobeh.
   693 | D:2      | Noticed Natasha
   699 | D:2      | Reached XP level 3. HP: 19/31 MP: 3/3
   706 | D:2      | HP: 1/31 [Natasha/magic dart (4)]
   708 | D:2      | Killed from afar by Natasha

Illustrated notes

Levels and vault maps discovered:
D:1:      roderic_crop_circles_arrival_small, layout_rooms, corner_web_ring
D:2:      layout_loops_ring, nemelex_xobeh_ov_fountains_minmay,
          chequers_ecumenical_altar_simple, dk_noncrumbling_3,
          minmay_tetromino_s4, uniq_natasha

Skill      XL: |  1  2 |
---------------+-------+-----
Fighting       | 4 |  4.6
Long Blades    | 3 |  3.1
Armour         | |  3.6
Shields        | |  3.2

Action                   || total
-------------------------++-------
Melee: Long sword        ||    63
Armor: Scale mail        ||    19
Dodge: Dodged            ||    23
Block: Kite shield       ||    39
       Rpst.: Long sword ||     8

Table legend: (Time is in decaauts)
 A = Elapsed time spent in this place.
 B = Non-inter-level travel time spent in this place.
 C = Inter-level travel time spent in this place.
 D = Time resting spent in this place.
 E = Time spent auto-exploring this place.
 F = Levels seen in this place.
 G = Mean time per level.
                   A        B        C        D        E       F      G
               +--------+--------+--------+--------+--------+-----+--------+
         Total |    801 |    786 |     15 |      0 |    624 |   2 |  400.5 |
       Dungeon |    801 |    786 |     15 |      0 |    624 |   2 |  400.5 |
               +--------+--------+--------+--------+--------+-----+--------+

Top non-repeatable levels by time:
     D:1: 760 daAuts
     D:2: 41 daAuts
